 Dungeon Crawl Stone Soup version 0.31.0-9-g3a7656b989 (webtiles) character file.

Game seed: 16883275515633314773

112 qw the Shooter (level 4, -2/23 HPs)
             Began as a Spriggan Hunter on Feb 2, 2024.
             Slain by Pargi (6 damage)
             ... on level 3 of the Dungeon.
             The game lasted 00:00:06 (1943 turns).

qw the Shooter (Spriggan Hunter)                    Turns: 1943, Time: 00:00:06

Health: -2/23      AC:  2    Str:  7    XL:     4   Next: 63%
Magic:  5/5        EV: 25    Int: 10    God:
Gold:   69         SH:  0    Dex: 20    Spells: 3/3 levels left

rFire   . . .        a - +0 shortbow
rCold   . . .        (shield currently unavailable)
rNeg    . . .        c - +0 robe
rPois   .            (helmet restricted)
rElec   .            (no cloak)
rCorr   .            (gloves unavailable)
SInv    +            (boots unavailable)
Will    .....        (no amulet)
Stlth   ++           f - +5 ring of evasion
HPRegen 0.23/turn    (no ring)
MPRegen 0.09/turn

%: no passive effects
@: very quick
A: very small, no large weapons, unfitting armour, see invisible, speed 3
a: no special abilities


You were on level 3 of the Dungeon.
You visited 1 branch of the dungeon, and saw 3 of its levels.

You collected 69 gold pieces.


Innate Abilities, Weirdness & Mutations

You are very small and have problems with some larger weapons.
You are too small for most types of armour.
You have supernaturally acute eyesight. (SInv)
You cover ground extremely quickly. (Speed+++)


   Skills:
 + Level 1.8 Fighting
 - Level 5.0 Ranged Weapons
 - Level 5.0 Dodging
 - Level 1.5 Stealth


You had 3 spell levels left.
You didn't know any spells.
Your spell library was empty.

Inventory:

Hand Weapons
 a - a +0 shortbow (weapon)
Armour
 c - a +0 robe (worn)
Jewellery
 f - a +5 ring of evasion (left hand)
Wands
 e - a wand of roots (8)
Scrolls
 b - a scroll of amnesia {unknown}
 g - 2 scrolls of teleportation {unknown}
Potions
 d - a potion of degeneration {unknown}

Dungeon Overview and Level Annotations

Branches:
Dungeon (3/15)

Altars:

Shops:
D:2 :

Annotations:
D:3 Pargi


Message History

Pargi claws you but does no damage. Pargi claws you.
You shoot an arrow. The arrow misses Pargi.
Pargi completely misses you. Pargi claws you but does no damage.
Pargi claws you.
You shoot an arrow. The arrow barely misses Pargi.
Pargi closely misses you. Pargi completely misses you. x2
You shoot an arrow. The arrow hits Pargi.
Pargi is severely wounded.
Pargi closely misses you. x2; Pargi misses you.
You shoot an arrow. The arrow closely misses Pargi.
Pargi closely misses you. Pargi misses you. Pargi closely misses you.
You shoot an arrow. The arrow hits Pargi.
Pargi is heavily wounded.
Pargi bites you! Pargi misses you. x2
You shoot an arrow. The arrow hits Pargi!
Pargi is severely wounded.
Pargi looks around nervously.
Pargi completely misses you.
Pargi claws you. x2; Pargi completely misses you.
Pargi claws you but does no damage. Pargi barely misses you.
You shoot an arrow. The arrow completely misses Pargi.
Pargi completely misses you. Pargi closely misses you.
Pargi completely misses you.
You shoot an arrow.
The arrow hits Pargi but does no damage.
Pargi is severely wounded.
Pargi closely misses you. Pargi completely misses you. Pargi misses you.
You shoot an arrow. The arrow hits Pargi.
Pargi is severely wounded.
Pargi clenches his claws.
Pargi barely misses you. Pargi completely misses you. x2
You shoot an arrow. The arrow barely misses Pargi.
Pargi completely misses you. Pargi misses you. Pargi completely misses you.
You shoot an arrow.
The arrow hits Pargi but does no damage.
Pargi is severely wounded.
Pargi misses you. Pargi closely misses you. Pargi claws you.
You shoot an arrow. The arrow hits Pargi.
Pargi is severely wounded.
Pargi bites you.
You die...

##.######
......T.#
#@#
#.#####
#.....#
#####.#
#.# #.#
#.# #.#
####.####


You could see Pargi.

Vanquished Creatures
  3 gnolls (D:3)
  3 adders
  A dart slug (D:2)
  A ribbon worm (D:2)
  2 orcs (D:3)
  4 endoplasms
  2 giant cockroaches
  5 goblins
  4 hobgoblins
  5 jackals (D:1)
  2 quokkas
  4 ball pythons
  4 bats
  4 kobolds
  3 rats
47 creatures vanquished.

Notes
Turn   | Place    | Note
-------+----------+-------------------------------------------
     0 | D:1      | qw the Spriggan Hunter began the quest for the Orb.
     0 | D:1      | Reached XP level 1. HP: 10/10 MP: 2/2
     0 | D:1      | 0 ||| qw: Version: 0.3-a-155-g5e7d8dd
     0 | D:1      | 0 ||| qw: Game counter: 2412
     0 | D:1      | 0 ||| qw: Melee chars always use a shield: true
     0 | D:1      | 0 ||| qw: God list: Okawaru
     0 | D:1      | 0 ||| qw: Allow faded altars: false
     0 | D:1      | 0 ||| qw: Do Orc after clearing Dungeon:15 true
     0 | D:1      | 0 ||| qw: Do second Lair branch before Depths: true
     0 | D:1      | 0 ||| qw: Lair rune preference: random
     0 | D:1      | 0 ||| qw: Goals: Normal
     0 | D:1      | 0 ||| PLANNING D:1-11
   109 | D:1      | Reached skill level 3 in Dodging
   295 | D:1      | Reached XP level 2. HP: 14/14 MP: 3/3
   502 | D:1      | Found a faded altar of an unknown god.
   585 | D:1      | 585 ||| READING scroll labelled COEMMI XAKK.
   586 | D:1      | 586 ||| READING scroll labelled MONOPOX RUEDUR.
   610 | D:1      | 610 ||| DROPPING scroll of butterflies.
   683 | D:2      | Reached XP level 3. HP: 17/18 MP: 4/4
   850 | D:2      | Found Tocvum's Vocational Training.
   968 | D:2      | HP: 4/18 [poisoned by an adder]
   969 | D:2      | HP: 1/18 [dart slug/slug dart (2)]
  1404 | D:2      | 1404 ||| UPGRADING to +5 ring of evasion.
  1405 | D:2      | 1405 ||| READING scroll labelled VADWOIGUNU.
  1405 | D:2      | 1405 ||| IDENTIFYING fizzy inky potion
  1406 | D:2      | 1406 ||| DROPPING potion of lignification.
  1535 | D:3      | Reached XP level 4. HP: 22/22 MP: 5/5
  1918 | D:3      | Noticed Pargi
  1937 | D:3      | HP: 5/23 [Pargi (2)]
  1942 | D:3      | HP: 3/23 [Pargi (1)]
  1943 | D:3      | Slain by Pargi

Levels and vault maps discovered:
D:1:      mrwooster_arrival_statue_3, layout_basic,
          hellmonk_ecumenical_altar_dog_temple
D:2:      layout_basic, nicolae_shop_vocational
D:3:      layout_loops_cross, amcnicky_mini_corridor_feature,
          dreamdust_princess_corridor, st_stairs_7, uniq_pargi

Skill      XL: |  1  2  3  4 |
---------------+-------------+-----
Dodging        | 3 4 5 |  5.0
Ranged Weapons | 5 |  5.0
Fighting       | |  1.8
Stealth        | |  1.5

Action                     |  1- 3 |  4- 6 || total
---------------------------+-------+-------++-------
   Fire: Shortbow          |    94 |    53 ||   147
    Use: Scroll            |     3 |       ||     3
 Armour: Robe              |     8 |    15 ||    23
  Dodge: Dodged            |    31 |    66 ||    97

Table legend:
 A = Non-vault XP
 B = Vault XP
 C = Vault XP percentage of total XP
 D = Non-vault monster count
 E = Vault monster count
 F = Vault count percentage of total count
                 A         B        C        D         E       F
            +---------+---------+-------+---------+---------+-------
      Total |     153 |       7 |   4.4 |      44 |       3 |   6.4
            +---------+---------+-------+---------+---------+-------
        D:1 |      19 |       4 |  17.4 |      12 |       2 |  14.3
        D:2 |      56 |       0 |   0.0 |      16 |       0 |   0.0
        D:3 |      78 |       3 |   3.7 |      16 |       1 |   5.9
            +---------+---------+-------+---------+---------+-------
